 Dungeon Crawl Stone Soup version 0.29.1-15-g9cfb28693d (webtiles) character file.

Game seed: 4089173981595149244

1915 Ast3rio the Basher (level 8, -2/106 HPs)
             Began as a Minotaur Berserker on Mar 28, 2023.
             Was a Priest of Trog.
             Slain by a killer bee (3 damage)
             ... on level 7 of the Dungeon.
             The game lasted 00:05:53 (6026 turns).

Ast3rio the Basher (Minotaur Berserker)             Turns: 6026, Time: 00:05:53

Health: -2/106     AC:  6    Str: 23    XL:     8   Next: 95%
Magic:  7/7        EV: 12    Int:  4    God:    Trog [***...]
Gold:   268        SH:  0    Dex: 11    Spells: 7/7 levels left

rFire   x . .      SeeInvis .   r - +2 flail (vorpal)
rCold   + . .      Faith    .   (no shield)
rNeg    . . .      Spirit   .   t - +0 ring mail
rPois   +          Reflect  .   (helmet restricted)
rElec   .          Harm     .   (no cloak)
rCorr   .          Rampage  .   (no gloves)
Will    .....                   (no boots)
Stlth   ..........              (no amulet)
HPRegen 0.27/turn               e - ring of poison resistance
MPRegen 0.10/turn               x - ring of ice

@: berserking, very quick
A: horns 2, retaliatory headbutt, screaming 1
a: Renounce Religion, Berserk, Trog's Hand


You were on level 7 of the Dungeon.
You worshipped Trog.
Trog was most pleased with you.
You visited 1 branch of the dungeon, and saw 7 of its levels.

You collected 268 gold pieces.

Inventory:

Hand Weapons
 a - a +0 spear
 r - a +2 vorpal flail (weapon)
Missiles
 q - 3 throwing nets (quivered)
Armour
 b - a +0 animal skin
 t - a +0 ring mail (worn)
Jewellery
 e - a ring of poison resistance (left hand)
 m - a +6 ring of intelligence
 x - a ring of ice (right hand)
Wands
 v - a wand of acid (4)
 y - a wand of flame (18)
Scrolls
 c - 2 scrolls of immolation {unknown}
 d - a scroll of silence {unknown}
 f - 8 scrolls of identify {unknown}
 i - a scroll of amnesia {unknown}
 n - 4 scrolls of poison {unknown}
 p - 4 scrolls of teleportation {unknown}
 s - 2 scrolls of blinking {unknown}
 u - a scroll of noise {unknown}
 w - 2 scrolls of magic mapping {unknown}
 A - a scroll of fear {unknown}
 B - a scroll of acquirement {unknown}
 C - a scroll of enchant armour {unknown}
Potions
 g - a potion of mutation
 h - 2 potions of berserk rage {unknown}
 j - 2 potions of curing {unknown}
 k - 3 potions of flight {unknown}
 l - a potion of heal wounds {unknown}
 o - a potion of cancellation {unknown}
 z - a potion of lignification {unknown}


   Skills:
 * Level 6.8 Fighting
 * Level 8.4 Maces & Flails
 + Level 7.0 Polearms
 + Level 5.2 Armour
 + Level 4.6 Dodging
 + Level 2.0 Stealth


You had 7 spell levels left.
You didn't know any spells.
Your spell library was empty.

Dungeon Overview and Level Annotations

Branches:
Dungeon (7/15)             Temple (0/1) D:5

Altars:
Sif Muna
Uskayaw

Shops:
D:4 (


Innate Abilities, Weirdness & Mutations

You have a pair of horns on your head.
You reflexively headbutt those who attack you in melee.
You occasionally shout uncontrollably at your foes.


Message History

Trog accepts your kill. The killer bee stings you.
* * * LOW HITPOINT WARNING * * *
The killer bee completely misses you. The killer bee misses you.
You furiously retaliate!
You headbutt the killer bee! The killer bee stings you.
* * * LOW HITPOINT WARNING * * *
The killer bee stings you.
* * * LOW HITPOINT WARNING * * *
The killer bee barely misses you. The killer bee stings you.
* * * LOW HITPOINT WARNING * * *
The killer bee stings you.
* * * LOW HITPOINT WARNING * * *
A red film seems to cover your vision as you go berserk!
You feel yourself moving faster!
You feel mighty!
You feel sick.
You are no longer poisoned.
The killer bee closely misses you. The killer bee misses you.
The killer bee barely misses you. The killer bee stings you.
* * * LOW HITPOINT WARNING * * *
The killer bee stings you.
* * * LOW HITPOINT WARNING * * *
The killer bee misses you. You furiously retaliate!
You headbutt the killer bee!!
You kill the killer bee!
Trog accepts your kill. The killer bee stings you.
* * * LOW HITPOINT WARNING * * *
The killer bee closely misses you. You furiously retaliate!
You headbutt the killer bee! You closely miss the killer bee.
Your headbutt misses the killer bee. The killer bee closely misses you.
The killer bee barely misses you. The killer bee stings you.
* * * LOW HITPOINT WARNING * * *
The killer bee barely misses you.
The killer bee stings you but does no damage.
The killer bee misses you.
You sock the killer bee! Your headbutt misses the killer bee.
The killer bee is severely wounded.
The killer bee stings you.
You die...

...###+#
...#...##
..~~~♣.#
.~P...#
.~... #...
#...# #....
#yy†##
#....##†@y.#
#.#..#.....#
...........#
..........##


PPPPPPP)).## PPPPPPP.)..# .P.........# PP.[./.....# PP..PPPP...# You could see 3
killer bees.

Vanquished Creatures
  Sigmund (D:3)
  An ice beast (D:7)
  2 black bears
  2 ogres (D:6)
  A kobold brigand (D:7)
  2 phantoms (D:5)
  2 necrophages
  3 scorpions
  3 killer bees (D:7)
  2 jellies (D:5)
  3 howler monkeys (D:7)
  4 hounds
  Ijyb (D:4)
  2 iguanas
  11 gnolls
  7 adders
  A shadow imp (D:5)
  A white imp (D:6)
  An ufetubus (D:6)
  3 worms
  2 dart slugs
  6 orcs
  5 ball pythons
  7 endoplasms
  6 giant cockroaches
  2 goblins (D:4)
  6 hobgoblins
  7 jackals
  4 quokkas
  6 bats
  5 frilled lizards
  8 kobolds
  5 rats
122 creatures vanquished.

Vanquished Creatures (others)
  A plant (D:7)
1 creature vanquished.

Grand Total: 123 creatures vanquished

Notes
Turn   | Place    | Note
-------+----------+-------------------------------------------
     0 | D:1      | Ast3rio the Minotaur Berserker began the quest for the Orb.
     0 | D:1      | Reached XP level 1. HP: 19/19 MP: 0/0
   215 | D:1      | Reached XP level 2. HP: 27/27 MP: 1/1
   653 | D:1      | Reached XP level 3. HP: 32/33 MP: 2/2
   742 | D:1      | Found a faded altar of an unknown god.
  1088 | D:2      | Reached ** piety under Trog
  1361 | D:2      | Reached skill level 5 in Polearms
  1390 | D:2      | Gained mutation: You occasionally shout uncontrollably at
                  | your foes. [potion of mutation]
  1482 | D:2      | Reached XP level 4. HP: 40/40 MP: 3/3
  1644 | D:2      | Found a shimmering blue altar of Sif Muna.
  1916 | D:3      | Noticed Sigmund
  1922 | D:3      | Killed Sigmund
  1923 | D:3      | Reached XP level 5. HP: 47/47 MP: 4/4
  2389 | D:3      | Reached XP level 6. HP: 26/55 MP: 5/5
  3128 | D:4      | Reached skill level 5 in Fighting
  3378 | D:4      | Reached skill level 1 in Maces & Flails
  3598 | D:4      | Reached skill level 2 in Maces & Flails
  3773 | D:4      | Found Senautro's Antique Weapon Shop.
  3773 | D:4      | Noticed Ijyb
  3778 | D:4      | Killed Ijyb
  3779 | D:4      | Reached skill level 1 in Stealth
  3873 | D:4      | Reached XP level 7. HP: 55/61 MP: 6/6
  4048 | D:5      | Entered Level 5 of the Dungeon
  4048 | D:5      | Found a staircase to the Ecumenical Temple.
  4053 | D:5      | Reached skill level 3 in Maces & Flails
  4059 | D:5      | Reached skill level 4 in Maces & Flails
  4213 | D:5      | Reached skill level 5 in Maces & Flails
  4263 | D:5      | Found a hide-covered altar of Uskayaw.
  4884 | D:6      | Reached XP level 8. HP: 65/70 MP: 7/7
  4972 | D:6      | Reached skill level 6 in Maces & Flails
  5153 | D:6      | Reached skill level 7 in Maces & Flails
  5692 | D:6      | Reached *** piety under Trog
  5938 | D:7      | Found a shimmering blue altar of Sif Muna.
  5960 | D:7      | Reached skill level 8 in Maces & Flails
  6022 | D:7      | Reached skill level 5 in Armour
  6024 | D:7      | HP: 5/106 [killer bee (1)]
  6025 | D:7      | HP: 1/106 [killer bee (4)]
  6026 | D:7      | Slain by a killer bee

Illustrated notes

Levels and vault maps discovered:
D:1:      psy_arrival_dodecagon, layout_loops_ring,
          shapermc_ecumenical_altar_ellora
D:2:      layout_rooms, basic_altar, serial_corexii_hall,
          corexii_hall_statues_i, corexii_hall_statues_s,
          corexii_hall_statues_l, corexii_hall_statues_i
D:3:      layout_loops_corners, amcnicky_mini_pool_small, uniq_sigmund
D:4:      layout_loops_cross, serial_shops, shop, uniq_ijyb
D:5:      layout_basic, lemuel_doored_altar, minmay_temple_entry_grid
D:6:      minmay_general_purpose_star, layout_basic
D:7:      layout_gridville, mainiacjoe_overflow_chevrons,
          mainiacjoe_overflow_six_doors_small, serial_bayou_pond_e,
          grunt_decor_clamped, hangedman_abyss_or_decor_stagger,
          minmay_misc_feat_tiny, nicolae_shop_dragon_depot

Skill      XL: |  1  2  3  4  5  6  7  8 |
---------------+-------------------------+-----
Polearms       | 4 5 6 7 |  7.0
Fighting       | 4 5 6 |  6.8
Dodging        | 3 4 |  4.6
Maces & Flails | 2 5 8 |  8.4
Stealth        | 1 2 |  2.0
Armour         | 3 5 |  5.2

Action                   |  1- 3 |  4- 6 |  7- 9 || total
-------------------------+-------+-------+-------++-------
Melee: Spear             |   115 |    49 |       ||   164
       Headbutt          |    12 |    12 |    20 ||    44
       Flail             |       |    46 |   105 ||   151
Invok: Berserk           |       |     2 |     1 ||     3
  Use: Potion            |     1 |       |       ||     1
 Stab: Sleeping          |     1 |     1 |       ||     2
Armor: Animal skin       |    14 |     3 |       ||    17
       Ring mail         |       |     5 |    41 ||    46
Dodge: Dodged            |    56 |    68 |   100 ||   224
